 Dungeon Sprint DCSS version 0.31-a0-632-g766dd24fdf (webtiles) character file.

Game seed: 8182451630066563689

76 sircluck the Cudgeller (level 4, -1/49 HPs)
             Began as a Troll Chaos Knight on Aug 25, 2023.
             Was a Plaything of Xom.
             Drowned by a water elemental (7 damage)
             ... in the Dungeon (Sprint III: "The Ten Rune Challenge").
             The game lasted 00:00:16 (136 turns).

sircluck the Cudgeller (Troll Chaos Knight)          Turns: 136, Time: 00:00:17

Health: -1/49      AC:  6    Str: 22    XL:     4   Next: 12%
Magic:  3/3        EV: 10    Int:  8    God:    Xom [.*....]
Gold:   32         SH:  0    Dex:  9    Spells: 3/3 levels left

rFire   . . .        a - +0 mace (chaos)
rCold   . . .        (no shield)
rNeg    . . .        b - +2 robe
rPois   .            (helmet restricted)
rElec   .            (no cloak)
rCorr   .            (gloves unavailable)
SInv    .            (boots unavailable)
Will    .....        (no amulet)
Stlth   +            (no ring)
HPRegen 1.08/turn    (no ring)
MPRegen 0.08/turn

%: no teleportation
@: engulfed (cannot breathe)
A: large, unfitting armour, claws 3, regeneration 1, shaggy fur 1, tough skin 1
a: Renounce Religion


You were in the Dungeon.
You worshipped Xom.
You were a plaything of Xom.
You visited 1 branch You collected 32 gold pieces.

Inventory:

Hand Weapons
 a - a +0 mace of chaos (weapon)
Armour
 b - a +2 robe (worn)
Scrolls
 c - a scroll of butterflies
 i - a scroll of blinking
 k - 2 scrolls of torment {unknown}
 l - a scroll of identify {unknown}
 n - a scroll of poison {unknown}
Potions
 d - 2 potions of curing
 e - a potion of heal wounds
 f - a potion of haste
 g - 2 potions of magic
 h - a potion of berserk rage
 j - 2 potions of mutation {unknown}
 m - 3 potions of enlightenment
 o - a potion of degeneration {unknown}


   Skills:
 + Level 4.6 Fighting
 + Level 5.0 Maces & Flails
 + Level 4.2 Dodging


You had 3 spell levels left.
You didn't know any spells.
Your spell library was empty.

Dungeon Overview and Level Annotations

Branches:
Dungeon (1/1)

Altars:


Innate Abilities, Weirdness & Mutations

You are too large for most types of armour.
You have claws for hands.
Your natural rate of healing is unusually fast.
You are covered in fur. (AC +1)
You have tough skin. (AC +1)


Message History

Increase (S)trength, (I)ntelligence, or (D)exterity?
You feel stronger. x3
You have reached level 4!
You feel sick.
You feel sick.
You are no longer poisoned.
HP restored.
You open the door.
There is an open door here.
You now have 23 gold pieces (gained 15).
You now have 32 gold pieces (gained 9).
j - a bubbling clear potion
k - a scroll labelled OMATWOIH NUQILEUPU
l - a scroll labelled VAZOIPH SEPREGRAE;
d - 2 potions of curing (gained 1)
m - 2 potions of enlightenment
j - 2 bubbling clear potions (gained 1);
n - a scroll labelled LIBATE BARU
k - 2 scrolls labelled OMATWOIH NUQILEUPU (gained 1)
o - a fizzy pink potion
m - 3 potions of enlightenment (gained 1)
There is an open door here.
You open the door.
A water elemental comes into view.
The water elemental moves out of view.
A water elemental is nearby!
Xom plays with reality for a moment.
The water elemental is unaffected.
The water elemental hits you. The water elemental hits you!
The water elemental hits you. The water elemental hits you!
The water elemental engulfs you in water!
Your lungs strain for air!
The water elemental closely misses you.
* * * LOW HITPOINT WARNING * * *
Your lungs strain for air!
The water elemental closely misses you.
* * * LOW HITPOINT WARNING * * *
Your lungs strain for air!
The water elemental misses you.
You die...
Xom giggles madly!

▓▓▓▓▓▓▓▓▓▓▓▓ ▓▓▓
<.#..'...♣.♣ ♣.#
..#..#.....♣♣ ♣♣.#
#'####....♣.♣ ♣..#
.†...#....~.♣♣♣..# #+#+#
.....#...~~♣.♣♣♣.#......
....)#..~~~~♣.♣.@E.⌠....
####'#..~≈≈~~~.♣.#...###
....†#.~~≈~~~....#.⌠.#
.....#.~≈~~~.....# ..#
.....#.~~~.†.....# ###
'#####...........#
.................#
▓▓▓▓▓▓▓▓▓▓▓▓▓▓▓▓▓▓


You could see a water elemental.

Vanquished Creatures
  A scorpion (D)
  A human (D)
  4 rats (D)
6 creatures vanquished.

Notes
Turn   | Place    | Note
-------+----------+-------------------------------------------
     0 | D        | sircluck the Troll Chaos Knight began the quest for the
                  | Orb.
     0 | D        | Reached XP level 1. HP: 22/22 MP: 0/0
    13 | D        | Reached skill level 3 in Maces & Flails
    43 | D        | Reached XP level 2. HP: 27/31 MP: 1/1
    49 | D        | Noticed a scorpion
    59 | D        | Killed a scorpion
    60 | D        | Reached skill level 5 in Maces & Flails
    60 | D        | Reached XP level 3. HP: 10/40 MP: 2/2
    60 | D        | Reached XP level 4. HP: 13/49 MP: 3/3
   127 | D        | Noticed a water elemental
   129 | D        | XOM: cast spell 'Cause Fear'
   136 | D        | Drowned by a water elemental

Illustrated notes

Levels and vault maps discovered:
D:        dungeon_sprint_mu [sprint_mu_entry_forest, sprint_mu_temple_rooms,
          sprint_mu_d1_spiders, sprint_mu_d2_genie, sprint_mu_d3_branching,
          sprint_mu_orc_legion, sprint_mu_elf_gauntlet, sprint_mu_hive_nellie,
          sprint_mu_lair_fedhas, sprint_mu_vaults_butterflies,
          sprint_mu_slime_circle, sprint_mu_swamp_cave, sprint_mu_snake_twists,
          sprint_mu_blade_basic, sprint_mu_crypt_chambers,
          sprint_mu_tomb_spiral, sprint_mu_vestibule_basic,
          sprint_mu_gehenna_hellfire, sprint_mu_dis_giant,
          sprint_mu_tartarus_statrot, sprint_mu_cocytus_islands, sprint_mu_zot1]

Skill      XL: |  1  2 |
---------------+-------+-----
Dodging        | 3 4 |  4.2
Maces & Flails | 3 5 |  5.0
Fighting       | 3 4 |  4.6

Action                     |  1- 3 |  4- 6 || total
---------------------------+-------+-------++-------
  Melee: Mace              |    22 |       ||    22
         Punch             |     1 |       ||     1
 Armour: Robe              |     9 |       ||     9
  Dodge: Dodged            |     7 |     3 ||    10

Table legend: (Time is in decaauts)
 A = Elapsed time spent in this place.
 B = Non-inter-level travel time spent in this place.
 C = Inter-level travel time spent in this place.
 D = Time resting spent in this place.
 E = Time spent auto-exploring this place.
 F = Levels seen in this place.
 G = Mean time per level.
                   A        B        C        D        E       F      G
               +--------+--------+--------+--------+--------+-----+--------+
         Total |    141 |    141 |      0 |      0 |     85 |   1 |  141.0 |
       Dungeon |    141 |    141 |      0 |      0 |     85 |   1 |  141.0 |
               +--------+--------+--------+--------+--------+-----+--------+

Top non-repeatable levels by time:
       D: 141 daAuts
